AoeStats
← CazadorGT

Black Forest

507110889Analyzed
2v2 RM · 17d ago on Sep 16, 2026· 27m 6s· 4 players
Game mode
Random Map
Map size
Medium (4 player)
Population
200
Speed
Normal
Resources
Standard
Victory
Conquest
Starting age
Dark Age
Ending age
Imperial Age
RankedLock teamsTeams togetherTeam positionsShared explorationLock speedFull tech treeHidden civsTurbo modeCheats
Victory
Defeat
🇺🇸 Armenians · United States
1180
+15
🇪🇸 Cumans · Spain
1131
+17
🇮🇹 Turks · Italy
1171
-17
🇬🇹 Armenians · Guatemala
1133
-15
CazadorGT
9:53 Feudal Age
10:42 Arson
10:50 Man-at-Arms
11:44 Forging
13:55 Scale Mail Armor
17:11 Loom
17:29 Double-Bit Axe
pietro91
1:08 Loom
11:53 Feudal Age
15:58 Castle Age
13:56 Double-Bit Axe
14:09 Horse Collar
18:23 Bow Saw
TheRealErpaco12
0:31 Loom
11:55 Feudal Age
14:09 Bloodlines
17:31 Forging
17:27 Scale Barding Armor
27:27 Castle Age
27:04 Gold Mining
27:01 Double-Bit Axe
26:57 Horse Collar
DrErChivo
0:30 Loom
12:24 Feudal Age
12:31 Man-at-Arms
13:09 Double-Bit Axe
14:01 Scale Mail Armor
14:02 Arson
14:54 Long Swordsman
24:54 Castle Age
25:43 Forging
Connection lost

Rejoining the realm…

Still unreachable

The connection could not be restored.

Session expired

The server has moved on; the page needs a fresh start.